 Dungeon Crawl Stone Soup version 0.22.1-1-ga44c0e56f4 (webtiles) character file.

176 Kaderl the Chiller (level 5, 0/37 HPs)
             Began as a Merfolk Ice Elementalist on Nov 5, 2018.
             Succumbed to a kobold's poison
             ... on level 3 of the Dungeon.
             The game lasted 00:10:18 (3183 turns).

Kaderl the Chiller (Merfolk Ice Elementalist)       Turns: 3183, Time: 00:10:19

Health: 0/37       AC:  3    Str:  9    XL:     5   Next: 56%
Magic:  1/10       EV: 14    Int: 15    God:
Gold:   208        SH:  0    Dex: 14    Spells: 10/11 levels left

rFire    . . .     SeeInvis .   d - +0 club
rCold    . . .     Gourm    .   (no shield)
rNeg     . . .     Faith    .   a - +1 robe
rPois    .         Spirit   .   (no helmet)
rElec    .         Reflect  .   (no cloak)
rCorr    .         Harm     .   (no gloves)
MR       .....                  (no boots)
Stlth    ++........             (no amulet)
HPRegen  0.12/turn              (no ring)
MPRegen  0.12/turn              (no ring)

@: lethally poisoned (0 -> -12), very slightly contaminated
A: change form in water, swift swim, stealthy swim
a: no special abilities


You were on level 3 of the Dungeon.
You were not hungry.

You visited 1 branch of the dungeon, and saw 3 of its levels.

You collected 208 gold pieces.

Inventory:

Hand Weapons
 d - a +0 club (weapon)
Armour
 a - a +1 robe (worn)
Scrolls
 f - a scroll of enchant weapon {unknown}
 g - a scroll of fog
 h - a scroll of amnesia
Potions
 b - a potion of ambrosia {unknown}
 e - a potion of haste {unknown}
 i - a potion of mutation {unknown}
Comestibles
 c - 2 rations


   Skills:
 + Level 1.0 Fighting
 + Level 0.4 Maces & Flails
 + Level 3.9 Dodging
 + Level 2.4 Stealth
 + Level 0.2 Unarmed Combat
 + Level 3.5 Spellcasting
   Level 0.7 Conjurations
 + Level 4.5 Ice Magic


You had 10 spell levels left.
You knew the following spells:

 Your Spells              Type           Power        Failure   Level  Hunger
a - Freeze                Ice            ###.         3%          1    None

Your spell library contained the following spells:

 Spells                   Type           Power        Failure   Level  Hunger
 Throw Frost              Conj/Ice       ##....       10%         2    ##.....
 Ozocubu's Armour         Chrm/Ice       #.......     22%         3    ###....
 Throw Icicle             Conj/Ice       ##......     54%         4    ####...
 Summon Ice Beast         Ice/Summ       #.......     58%         4    ####...


Dungeon Overview and Level Annotations

Branches:
Dungeon (3/15)

Altars:
Cheibriados
Gozag
Kikubaaqudgha
Zin

Annotations:
D:3 Sigmund


Message History

The poisoned needle closely misses you.
The kobold shoots a poisoned needle.
The poisoned needle barely misses you.
You see here a poisoned needle.
You feel sick.
The kobold shoots a poisoned needle.
The poisoned needle barely misses you.
The kobold shoots a poisoned needle.
The poisoned needle hits you!
You are lethally poisoned!
You see here a poisoned needle.
* * * LOW HITPOINT WARNING * * *
You feel sick.
* * * LOW HITPOINT WARNING * * *
You feel sick.
The kobold shoots a poisoned needle.
The poisoned needle hits you!
You are more poisoned.
You see here a poisoned needle.
* * * LOW HITPOINT WARNING * * *
You feel sick.
As you read the scroll labeled HUHEIMN OGEO, it crumbles to dust.
The scroll dissolves into smoke.
It was a scroll of fog.
You die...

#.######.# #.##.....#
#.#....##### #####
#.#........#
....#####.#.#.####.#
.##.......#...<..#.###
....>..........§§§>...
.......).......#§#§###
##.#########.#.§@§§#
#.......# ###.#§###
#.......# #((.#§..
#.......# #.#.#####
#.......####.#.##
#.......#..((...#
#.......#..).K..#
##.######.......# #.#
#..))...#


There were no monsters in sight!

Vanquished Creatures
  A vampire bat (D:2)
  An orc wizard (D:3)
  3 adders
  2 oozes
  2 worms (D:2)
  A dart slug (D:1)
  A leopard gecko (D:2)
  3 orcs (D:3)
  5 bats
  3 bat skeletons (D:2)
  2 bat zombies (D:2)
  4 giant cockroaches
  5 goblins
  4 hobgoblins
  3 jackals (D:1)
  2 frilled lizards
  12 kobolds
  9 rats
63 creatures vanquished.

Notes
Turn   | Place    | Note
-------+----------+-------------------------------------------
     0 | D:1      | Kaderl the Merfolk Ice Elementalist began the quest for the
                  | Orb.
     0 | D:1      | Reached XP level 1. HP: 13/13 MP: 3/3
   159 | D:1      | Reached XP level 2. HP: 11/19 MP: 1/5
   566 | D:1      | HP: 1/20 [ooze (1)]
   890 | D:1      | Reached XP level 3. HP: 22/25 MP: 4/6
  1645 | D:2      | Found a snail-covered altar of Cheibriados.
  1645 | D:2      | Found a glowing silver altar of Zin.
  1836 | D:2      | Found an opulent altar of Gozag.
  1972 | D:2      | Reached XP level 4. HP: 11/31 MP: 1/8
  2062 | D:2      | Reached skill level 4 in Ice Magic
  2366 | D:2      | Found an ancient bone altar of Kikubaaqudgha.
  2383 | D:2      | Reached skill level 1 in Fighting
  2469 | D:2      | Reached XP level 5. HP: 34/37 MP: 6/9
  2759 | D:3      | Noticed Sigmund
  3182 | D:3      | HP: 1/37 [poisoned by a kobold]
  3183 | D:3      | Succumbed to a kobold's poison

Skill      XL: |  1  2  3  4 |
---------------+-------------+-----
Dodging        | 3 |  3.9
Ice Magic      | 4 |  4.5
Fighting       | 1 |  1.0
Spellcasting   | 3 |  3.5
Maces & Flails | |  0.4
Stealth        | |  2.4
Unarmed Combat | |  0.2
Conjurations   | |  0.7

Action                   |  1- 3 |  4- 6 || total
-------------------------+-------+-------++-------
Melee: Unarmed           |    14 |       ||    14
       Club              |    24 |    38 ||    62
 Cast: Freeze            |    67 |    38 ||   105
  Use: Scroll            |     6 |     3 ||     9
 Stab: Sleeping          |     1 |     3 ||     4
  Eat: Ration            |     2 |     1 ||     3
Armor: Robe              |    24 |    34 ||    58
Dodge: Dodged            |    68 |    87 ||   155
